 Dungeon Crawl Stone Soup version 0.28-a0-206-gc2c9e32840 (webtiles) character file.

Game seed: 2913788338975731960

177 Spaninq the Shooter (level 5, -8/44 HPs)
             Began as a Draconian Arcane Marksman on Aug 20, 2021.
             Killed by divine providence
             ... invoked by an orc priest
              (17 damage)
             ... on level 3 of the Dungeon.
             The game lasted 00:05:54 (2979 turns).

Spaninq the Shooter (Draconian Arcane Marksman)     Turns: 2979, Time: 00:05:54

Health: -8/44      AC:  7    Str: 14    XL:     5   Next: 31%
Magic:  6/6        EV: 12    Int: 13    God:
Gold:   134        SH:  0    Dex: 11    Spells: 5/6 levels left

rFire   . . .      SeeInvis .   o - +0 hand axe
rCold   . . .      Faith    .   (no shield)
rNeg    . . .      Spirit   .   (armour unavailable)
rPois   .          Reflect  .   (helmet restricted)
rElec   .          Harm     .   f - +1 cloak
rCorr   .          Rampage  .   (no gloves)
Will    .....                   (no boots)
Stlth   +.........              (no amulet)
HPRegen 0.14/turn               (no ring)
MPRegen 0.10/turn               (no ring)

@: no status effects
A: AC +5, unfitting armour, cold-blooded
a: no special abilities


You were on level 3 of the Dungeon.
You visited 1 branch of the dungeon, and saw 3 of its levels.

You collected 134 gold pieces.

Inventory:

Hand Weapons
 a - a +0 shortbow
 o - a +0 hand axe (weapon)
Missiles
 c - 26 arrows
Armour
 f - a +1 cloak (worn)
Scrolls
 d - 2 scrolls of identify {unknown}
 e - 3 scrolls of teleportation {unknown}
 g - 2 scrolls of torment {unknown}
 h - a scroll of fear {unknown}
 i - a scroll of fog {unknown}
 k - a scroll of brand weapon {unknown}
 l - a scroll of enchant weapon {unknown}
 n - a scroll of silence {unknown}
Potions
 j - a potion of lignification


   Skills:
 + Level 2.9 Fighting
 * Level 3.8 Bows
 + Level 2.9 Dodging
 - Level 1.0 Spellcasting
 - Level 2.6 Hexes


You had 5 spell levels left.
You knew the following spells:

 Your Spells              Type           Power      Damage    Failure   Level
a - Corona                Hex            7%         N/A       10%         1

Your spell library contained the following spells:

 Spells                   Type           Power      Damage    Failure   Level
 Slow                     Hex            7%         N/A       14%         2
 Inner Flame              Hex/Fire       4%         N/A       43%         3
 Portal Projectile        Hex/Tloc       8%         N/A       43%         3
 Cause Fear               Hex            3%         N/A       67%         4


Dungeon Overview and Level Annotations

Branches:
Dungeon (3/15)

Altars:


Innate Abilities, Weirdness & Mutations

Your plain brown scales are hard. (AC +5)
You cannot fit into any form of body armour.
You are cold-blooded and may be slowed by cold attacks.


Message History

The orc wizard is heavily wounded.
You hit something but do no damage. Something hits you.
* * * LOW HITPOINT WARNING * * *
The orc wizard barely misses you.
You hit the orc wizard.
The orc wizard is severely wounded.
You closely miss something. Something hits you but does no damage.
The orc wizard hits you but does no damage.
You hear some strange, mumbled words.
Something tries to affect you, but you resist.
The orc wizard hits you but does no damage.
You hit the orc wizard.
You kill the orc wizard!
You miss something.
You hear some strange, mumbled words.
Something tries to affect you, but you resist.
You have reached level 5!
You closely miss something. Something hits you but does no damage.
You hit something.
Reactivating autopickup.
You feel a bit more experienced.
An orc comes into view. It is wielding a +0 dagger.
Items here: )))) [[[[ †††.
You hit the orc. You tail-slap the orc.
The orc is severely wounded.
The orc hits you with a +0 dagger.
* * * LOW HITPOINT WARNING * * *
An orc priest comes into view. It is wielding a +0 hand axe.
The orc priest shouts!
A bat comes into view.
The orc priest calls upon Beogh to heal the orc.
The orc's wounds heal themselves!
Found an escape hatch in the ceiling.
Items here: )))) [[[[ †††.
Things that are here:
a +0 dagger; a +0 robe The bat barely misses you.
The orc priest calls down the wrath of Beogh upon you.
Beogh smites you!
You die...

...........)...#
...............#
...............#
..........g....#
#.............##
...........##
#.#.##.#....###### # #
#..###.[)<..#######
#.###.######@.........
#........b.o..........
#####.o#####..........
##..####..........
##..b##.......>..
###.##..........
#..########### ##.o##
..<#####).###


You could see an orc priest, an orc, a hobgoblin and a bat.

Vanquished Creatures
  An orc priest (D:3)
  2 orc wizards (D:3)
  A gnoll (D:1)
  2 adders
  2 worms (D:2)
  A dart slug (D:1)
  7 orcs
  2 endoplasms (D:1)
  4 giant cockroaches
  3 goblins
  2 hobgoblins
  8 kobolds
  5 quokkas
  3 ball pythons
  9 bats
  5 frilled lizards (D:1)
  5 rats
62 creatures vanquished.

Vanquished Creatures (others)
  A plant (D:2)
1 creature vanquished.

Grand Total: 63 creatures vanquished

Notes
Turn   | Place    | Note
-------+----------+-------------------------------------------
     0 | D:1      | Spaninq the Draconian Arcane Marksman began the quest for
                  | the Orb.
     0 | D:1      | Reached XP level 1. HP: 16/16 MP: 2/2
    41 | D:1      | Reached skill level 2 in Bows
    41 | D:1      | Reached XP level 2. HP: 23/23 MP: 3/3
   580 | D:1      | Reached XP level 3. HP: 29/29 MP: 4/4
  1743 | D:2      | Reached skill level 3 in Bows
  2130 | D:2      | Reached XP level 4. HP: 33/36 MP: 5/5
  2954 | D:3      | Reached XP level 5. HP: 8/44 MP: 6/6
  2979 | D:3      | Killed from afar by an orc priest

Illustrated notes

Levels and vault maps discovered:
D:1:      heliophobic_arrival_glass_houses, layout_loops_ring,
          minmay_pentomino_w4
D:2:      layout_basic, minmay_misc_feat_iff, serial_bayou_pond_d, st_stairs_5,
          small_statue_intersection, minmay_puff
D:3:      layout_rooms, ebering_ecumenical_altar_abandoned, serial_shops, shop

Skill      XL: |  1  2  3 |
---------------+----------+-----
Bows           | 2 3 |  3.8
Dodging        | 2 |  2.9
Fighting       | 2 |  2.9
Spellcasting   | |  1.0
Hexes          | |  2.6

Action                   |  1- 3 |  4- 6 || total
-------------------------+-------+-------++-------
Melee: Short sword       |   189 |    20 ||   209
       Tailslap          |    20 |     5 ||    25
       Hand axe          |       |    50 ||    50
 Fire: Shortbow          |    19 |       ||    19
  Use: Potion            |       |     2 ||     2
Armor: Skin              |    74 |    49 ||   123
Dodge: Dodged            |   150 |    37 ||   187

Table legend: (Time is in decaauts)
 A = Elapsed time spent in this place.
 B = Non-inter-level travel time spent in this place.
 C = Inter-level travel time spent in this place.
 D = Time resting spent in this place.
 E = Time spent auto-exploring this place.
 F = Levels seen in this place.
 G = Mean time per level.
                   A        B        C        D        E       F      G
               +--------+--------+--------+--------+--------+-----+--------+
         Total |   3022 |   2935 |     87 |    284 |   1943 |   3 | 1007.3 |
       Dungeon |   3022 |   2935 |     87 |    284 |   1943 |   3 | 1007.3 |
               +--------+--------+--------+--------+--------+-----+--------+

Top non-repeatable levels by time:
     D:2: 1455 daAuts
     D:1: 1314 daAuts
     D:3: 252 daAuts
